 Dungeon Crawl Stone Soup version 0.26.1-2-gb8aa6d0cf2 (webtiles) character file.

Game seed: 1633721709023620751

142 Gadfly the Skirmisher (level 5, 0/54 HPs)
             Began as an Ogre Monk on Feb 24, 2021.
             Slain by an ogre
             ... wielding a +0 giant club
              (19 damage)
             ... on level 3 of the Dungeon.
             The game lasted 00:04:14 (3375 turns).

Gadfly the Skirmisher (Ogre Monk)                   Turns: 3375, Time: 00:04:15

Health: 0/54       AC:  3    Str: 16    XL:     5   Next: 24%
Magic:  6/6        EV: 10    Int: 11    God:
Gold:   245        SH:  0    Dex: 11    Spells: 4/4 levels left

rFire    . . .     SeeInvis .   a - +1 mace
rCold    . . .     Faith    .   (no shield)
rNeg     . . .     Spirit   .   b - +0 robe
rPois    .         Reflect  .   (helmet restricted)
rElec    .         Harm     .   (no cloak)
rCorr    .         Rampage  .   (gloves unavailable)
Will     .....                  (boots unavailable)
Stlth    ++........             (no amulet)
HPRegen  0.18/turn              (no ring)
MPRegen  0.10/turn              (no ring)

@: no status effects
A: large, unfitting armour, tough skin 1
a: no special abilities


You were on level 3 of the Dungeon.
You visited 1 branch of the dungeon, and saw 3 of its levels.

You collected 245 gold pieces.

Inventory:

Hand Weapons
 a - a +1 mace (weapon)
 d - a +0 giant club
Missiles
 i - 4 large rocks
 o - a boomerang (quivered)
Armour
 b - a +0 robe (worn)
Wands
 n - a wand of digging (5)
Scrolls
 c - a scroll of teleportation
 f - 2 scrolls of magic mapping
 h - 3 scrolls of random uselessness {unknown}
Potions
 e - a potion of might
 g - a potion of resistance
 j - a potion of curing
 k - 2 potions of heal wounds
 l - a potion of flight


   Skills:
 - Level 4.0 Fighting
 + Level 3.1 Maces & Flails
 * Level 1.7 Throwing
 * Level 1.6 Armour
 - Level 2.6 Dodging
 - Level 1.4 Stealth
 * Level 2.2 Invocations
 * Level 1.6 Evocations


You had 4 spell levels left.
You didn't know any spells.
Your spell library was empty.

Dungeon Overview and Level Annotations

Branches:
Dungeon (3/15)

Altars:
Hepliaklqana


Innate Abilities, Weirdness & Mutations

You are too large for most types of armour.
You have tough skin. (AC +1)


Message History

You barely miss the ogre.
The ogre is lightly wounded.
The ogre barely misses you.
You sock the ogre!
The ogre is heavily wounded.
The ogre hits you with a +0 giant club.
You hit the ogre.
The ogre is severely wounded.
The ogre hits you with a +0 giant club!
You are too injured to fight recklessly!
You are too injured to fight recklessly!
You are too injured to fight recklessly!
You are too injured to fight recklessly!
You are too injured to fight recklessly!
You are too injured to fight recklessly!
You are too injured to fight recklessly!
You sock the ogre!
The ogre is almost dead.
The ogre hits you with a +0 giant club!!
You die...

##..# # ##.(# .# #
....# .# .#
..#^####.##.##
.............
........... ####
...>.#.#.## #..
..........# #O#
....##...##
#@#########
###.##..##
#.........# #
#.##..### #########.#
###.##....## #.#
....##.....## #.#
#####...P...# #.#
####...P.P..#########
#.#
.......P............#
#.#
###.........#######.#
#.#


You could see an ogre.

Vanquished Creatures
  An orc wizard (D:3)
  6 adders
  An ooze (D:1)
  A worm (D:3)
  2 leopard geckos
  6 orcs (D:3)
  9 bats
  2 giant cockroaches
  2 goblins
  7 hobgoblins
  8 kobolds
  A quokka (D:2)
  5 frilled lizards
  5 rats
56 creatures vanquished.

Notes
Turn   | Place    | Note
-------+----------+-------------------------------------------
     0 | D:1      | Gadfly the Ogre Monk began the quest for the Orb.
     0 | D:1      | Reached XP level 1. HP: 24/24 MP: 1/1
   331 | D:1      | Reached XP level 2. HP: 32/32 MP: 2/2
   670 | D:1      | Reached skill level 1 in Invocations
   892 | D:1      | Reached skill level 1 in Throwing
   892 | D:1      | Reached XP level 3. HP: 39/39 MP: 3/3
   965 | D:2      | Reached skill level 1 in Evocations
  1104 | D:2      | Reached skill level 1 in Armour
  1499 | D:2      | Found a hazy altar of Hepliaklqana.
  1819 | D:2      | Reached XP level 4. HP: 33/48 MP: 5/5
  2710 | D:3      | Reached XP level 5. HP: 27/54 MP: 6/6
  3366 | D:3      | Noticed an ogre
  3375 | D:3      | Slain by an ogre

Illustrated notes

Levels and vault maps discovered:
D:1:      dpeg_arrival_tiny_i, layout_rooms, hangedman_decor_slide_cut
D:2:      layout_loops_corners, nzn_hepliaklqana_mist_gate
D:3:      layout_loops_ring, serial_park_tiny_2, grunt_decor_mini_mirrors,
          feat_on_display

Skill      XL: |  1  2  3  4 |
---------------+-------------+-----
Invocations    | 1 2 |  2.2
Throwing       | 1 |  1.7
Evocations     | 1 |  1.6
Armour         | 1 |  1.6
Maces & Flails | 3 |  3.1
Fighting       | |  4.0
Dodging        | |  2.6
Stealth        | |  1.4

Action                   |  1- 3 |  4- 6 || total
-------------------------+-------+-------++-------
Melee: Mace              |   104 |    93 ||   197
Throw: Boomerang         |       |     5 ||     5
  Use: Scroll            |     6 |     6 ||    12
       Potion            |     2 |       ||     2
 Stab: Sleeping          |     5 |     5 ||    10
Armor: Robe              |    36 |    25 ||    61
Dodge: Dodged            |    76 |    54 ||   130
